[Event "*** Titled Tuesday 3|2 Blitz (Late)"]
[Site "Chess.com"]
[Date "2016.11.01"]
[Round "1"]
[White "GrigorGrigorov"]
[Black "Rating-Schmating"]
[Result "1-0"]
[WhiteElo "2577"]
[BlackElo "2235"]
[TimeControl "180+2"]
[EndTime "17:01:40 PDT"]
[Termination "GrigorGrigorov won by resignation"]

1. d4 Nf6 2. c4 e6 3. Nc3 Bb4 4.
e3 c5 5. Ne2 b6 6. a3 Ba5 7. Bd2 Bb7 8. b4 cxb4 9. Nb5 bxa3 10.
Bxa5 bxa5 11. Nd6+ Ke7 12. Nxb7 d6 13. Nxd8 1-0

[Event "*** Titled Tuesday 3|2 Blitz (Late)"]
[Site "Chess.com"]
[Date "2016.11.01"]
[Round "1"]
[White "kereswasbest"]
[Black "theprosecution1"]
[Result "0-1"]
[WhiteElo "2126"]
[BlackElo "2501"]
[TimeControl "180+2"]
[EndTime "17:02:23 PDT"]
[Termination "theprosecution1 won by resignation"]

1. d4 Nf6 2. c4 g6 3. Nc3 d5 4.
Nf3 Bg7 5. h4 dxc4 6. e4 c5 7. d5 b5 8. Nxb5 Qa5+ 9. Nc3 Nxe4 10. Qa4+ Qxa4 11. Nxa4 Bd7 0-1

[Event "*** Titled Tuesday 3|2 Blitz (Late)"]
[Site "Chess.com"]
[Date "2016.11.01"]
[Round "1"]
[White "Zaven_ChessMood"]
[Black "Iball95"]
[Result "1-0"]
[WhiteElo "2778"]
[BlackElo "2476"]
[TimeControl "180+2"]
[EndTime "17:03:59 PDT"]
[Termination "Zaven_ChessMood won by resignation"]

1. e4 c5 2. Nf3 Nc6 3. Bb5 Nf6 4. Nc3 g6 5. e5 Ng4 6. Bxc6 dxc6 7. h3 Nh6 8. d3 Nf5 9. Ne4 b6 10. Bf4 Bg7 11. O-O Nd4 12. Re1 O-O 13. b3 Bf5 14.
Ng3 Nxf3+ 15. Qxf3 Bd7 16. Qe3 Re8 17. Bh6 Be6 18. Bxg7 Kxg7 19. Qf4 Qd4 20. Qd2 Rad8 21. Rad1 c4 22. bxc4 Bxc4 23. Re4 Qd5 24. Rxc4 Qxe5 25. Rxc6 Rd7 26. Qc3 Qxc3 27. Rxc3 e5 28. Re1 f6 29. f4 h5 30. fxe5 fxe5 31. Ne4 Kh6 32. Rc6 Rd4 33.
Rf1 1-0

[Event "*** Titled Tuesday 3|2 Blitz (Late)"]
[Site "Chess.com"]
[Date "2016.11.01"]
[Round "1"]
[White "Nyzhnyk_Illia"]
[Black "Scott-fox21"]
[Result "1-0"]
[WhiteElo "2550"]
[BlackElo "2200"]
[TimeControl "180+2"]
[EndTime "17:04:00 PDT"]
[Termination "Nyzhnyk_Illia won by resignation"]

1. Nf3 d5 2. g3 c5 3. Bg2 Nc6 4. d4 cxd4 5. Nxd4 e6 6. O-O Nf6 7. c4 Bc5 8. Nb3 Be7 9. cxd5 exd5 10. Nc3 Be6 11. Bg5 O-O 12. Nd4 h6 13. Bf4 Qb6 14. Nxe6 fxe6 15. Bh3 Na5 16. b3 Rac8 17. Na4 Qa6 18. Qd3 Rc6 19. Rac1 Rfc8 20. Bxe6+ Kh8 21. Qxa6 bxa6 22. Bxc8 1-0

[Event "*** Titled Tuesday 3|2 Blitz (Late)"]
[Site "Chess.com"]
[Date "2016.11.01"]
[Round "1"]
[White "Wilsonpalencia"]
[Black "RobertoJBM"]
[Result "0-1"]
[WhiteElo "2155"]
[BlackElo "2546"]
[TimeControl "180+2"]
[EndTime "17:04:00 PDT"]
[Termination "RobertoJBM won by resignation"]

1. e4 c6 2. d4 d5 3. e5 Bf5 4.
Nc3 e6 5. g4 Bg6 6. Nge2 Ne7 7.
f4 h5 8. f5 exf5 9. g5 Na6 10.
h4 Nc7 11. Nf4 Ne6 12. Nce2 Qb6 13. Rh3 Qc7 14. Be3 Nc8 15. Qd2 Nb6 16. Nxe6 fxe6 17. Nf4 Bf7 18. g6 Bg8 19. b3 O-O-O 20. Be2 Kb8 21. a4 c5 22. a5 Nd7 23. Nd3 cxd4 24. Bxd4 Be7 25. a6 b6 26. Nb4 Rc8 27. Rc3 Bxb4 0-1

[Event "*** Titled Tuesday 3|2 Blitz (Late)"]
[Site "Chess.com"]
[Date "2016.11.01"]
[Round "1"]
[White "hermionegrangermagic"]
[Black "Yaacovn"]
[Result "0-1"]
[WhiteElo "2215"]
[BlackElo "2568"]
[TimeControl "180+2"]
[EndTime "17:04:24 PDT"]
[Termination "Yaacovn won by resignation"]

1. Nf3 c6 2. d4 d5 3. c4 Bf5 4. Nc3 e6 5. e3 Nd7 6. Bd3 Bg6 7. O-O Ngf6 8. Ne5 Nxe5 9. dxe5 Nd7 10.
f4 Bb4 11. cxd5 Bxd3 12. Qxd3 cxd5 13. Nb5 a6 14. Bd2 Be7 15. Nd4 O-O 16. Bc3 Nc5 17. Qc2 Ne4 18. Rad1 Rc8 19. f5 Qd7 20. f6 gxf6 21.
exf6 Bxf6 22. Rxf6 Nxf6 23. Qf2 Ne4 24. Qf4 f6 25.
Qg4+ Kh8 26. Nxe6 Nxc3 27. bxc3 Rfe8 0-1

[Event "*** Titled Tuesday 3|2 Blitz (Late)"]
[Site "Chess.com"]
[Date "2016.11.01"]
[Round "1"]
[White "Izoria123"]
[Black "calemcc"]
[Result "1-0"]
[WhiteElo "2559"]
[BlackElo "2211"]
[TimeControl "180+2"]
[EndTime "17:04:57 PDT"]
[Termination "Izoria123 won by resignation"]

1. Nf3 d5 2. d4 e6 3. g3 Nf6 4. Bg2 Be7 5. c4 c6 6. Qc2 O-O 7. O-O Nbd7 8. Nbd2 b6 9. e4 dxe4 10. Nxe4 Bb7 11. Rd1 Nxe4 12. Qxe4 Qc7 13. Bf4 Bd6 14. Bxd6 Qxd6 15. c5 Qc7 16. b4 Nf6 17. Qe1 Rad8 18. a3 Ba6 19. Ne5 Nd5 20. Rac1 Bb7 21. Nc4 a5 22. Bxd5 cxd5 23. cxb6 Qc6 24. Nxa5 Qxb6 25. Rc5 h6 26. Rdc1 Rd7 27. Qc3 Rfd8 28. Rc7 Ba6 29. Rxd7 Rxd7 30. Qc5 Qb8 31. a4 Rd8 32. Nc6 Qc7 33.
Ne7+ 1-0

[Event "*** Titled Tuesday 3|2 Blitz (Late)"]
[Site "Chess.com"]
[Date "2016.11.01"]
[Round "1"]
[White "pastouche06"]
[Black "psv98"]
[Result "0-1"]
[WhiteElo "2285"]
[BlackElo "2622"]
[TimeControl "180+2"]
[EndTime "17:05:02 PDT"]
[Termination "psv98 won by resignation"]

1. d4 Nf6 2. c4 e6 3. Nc3 Bb4 4. Qc2 d6 5. Bg5 h6 6. Bh4 Nbd7 7. e3 b6 8. Ne2 Bb7 9. a3 Bxc3+ 10.
Nxc3 g5 11. Bg3 Nh5 12. d5 Qe7 13. O-O-O O-O-O 14. Be2 Nxg3 15. hxg3 Kb8 16. g4 Rdf8 17. Rh2 Nc5 18. b4 Nd7 19. Bf3 Ne5 20. Be2 f5 21. dxe6 fxg4 22. Nd5 Qxe6 23. e4 Rxf2 0-1

[Event "*** Titled Tuesday 3|2 Blitz (Late)"]
[Site "Chess.com"]
[Date "2016.11.01"]
[Round "1"]
[White "Shivagami"]
[Black "NTBT_DHS"]
[Result "0-1"]
[WhiteElo "2086"]
[BlackElo "2497"]
[TimeControl "180+2"]
[EndTime "17:05:06 PDT"]
[Termination "NTBT_DHS won by resignation"]

1. d4 Nf6 2. Bf4 g6 3. e3 Bg7 4. Nf3 O-O 5. Be2 c5 6. c3 d6 7.
O-O Qb6 8. Qb3 Be6 9. c4 Nfd7 10. Nc3 Bg4 11. h3 Bxf3 12. Bxf3 Nc6 13. d5 Na5 14. Qxb6 Nxb6 15. Be2 Naxc4 16. Rab1 Nd2 0-1

[Event "*** Titled Tuesday 3|2 Blitz (Late)"]
[Site "Chess.com"]
[Date "2016.11.01"]
[Round "1"]
[White "TheSovietChess"]
[Black "jposthuma"]
[Result "1-0"]
[WhiteElo "2511"]
[BlackElo "2170"]
[TimeControl "180+2"]
[EndTime "17:05:23 PDT"]
[Termination "TheSovietChess won by resignation"]

1. d4 Nf6 2. c4 c5 3. e3 g6 4. Nf3 Bg7 5. Nc3 O-O 6. Bd3 cxd4 7. exd4 d5 8. h3 b6 9. Bf4 Bb7 10. O-O Nc6 11. cxd5 Nxd5 12. Nxd5 Qxd5 13. Re1 e6 14. Be4 Qd7 15. Rc1 Rfd8 16. Bxc6 Bxc6 17. Ne5 Bxe5 18. Bxe5 Rac8 19. Qd2 Qd5 20. f3 Rf8 21. Bf6 Qf5 22.
Be7 Rfe8 23. Re5 Qxe5 24. dxe5 Rxe7 25. Rxc6 Rxc6 26. Qd8+ Kg7 27. Qxe7 Rc1+ 28. Kh2 Rc2 29. Qxa7 Rxb2 30. a3 b5 31. Qe7 Rb3 32. Kg3 h6 33. h4 Kg8 34. Kg4 Kg7 35. h5 g5 36. Qf6+ Kg8 37. Qxh6 Rxa3 38. Qxg5+ Kh7 39. h6 1-0

[Event "*** Titled Tuesday 3|2 Blitz (Late)"]
[Site "Chess.com"]
[Date "2016.11.01"]
[Round "1"]
[White "jcgs1030"]
[Black "joppie2"]
[Result "0-1"]
[WhiteElo "2211"]
[BlackElo "2533"]
[TimeControl "180+2"]
[EndTime "17:05:25 PDT"]
[Termination "joppie2 won by resignation"]

1. e4 c6 2. Nf3 d5 3. Nc3 Bg4 4. d4 e6 5. h3 Bxf3 6. Qxf3 dxe4 7. Qxe4 Nf6 8. Qd3 Nbd7 9. Bg5 Be7 10. O-O-O Nd5 11. Bd2 O-O 12. g4 N7f6 13. Ne2 Qb6 14. g5 Nd7 15. h4 c5 16. h5 cxd4 17. g6 Nc5 18. Qg3 Ne4 19. Qg2 Nxd2 20. Rxd2 Bf6 21. h6 hxg6 22. hxg7 Kxg7 23. Ng3 Rh8 24. Nh5+ Rxh5 25.
Rxh5 Nf4 26. Rh7+ Kxh7 27. Qh2+ Nh5 28. Be2 Bg5 0-1

[Event "*** Titled Tuesday 3|2 Blitz (Late)"]
[Site "Chess.com"]
[Date "2016.11.01"]
[Round "1"]
[White "pKiLz5Rn9b"]
[Black "Kanthecarowin"]
[Result "1-0"]
[WhiteElo "2499"]
[BlackElo "2137"]
[TimeControl "180+2"]
[EndTime "17:05:30 PDT"]
[Termination "pKiLz5Rn9b won by resignation"]

1. e4 c6 2. d4 d5 3. Nc3 dxe4 4. Nxe4 Bf5 5. Ng3 Bg6 6. Nf3 Nd7 7. h4 h6 8. h5 Bh7 9. Bd3 Bxd3 10. Qxd3 Qc7 11.
Bd2 e6 12. O-O-O Ngf6 13. Kb1 O-O-O 14. Ne4 Kb8 15. Nxf6 Nxf6 16. Qe2 Ka8 17. Bc1 Bd6 18. Ne5 Bxe5 19. dxe5 Nd5 20. c4 Nb6 21. b3 Rxd1 22. Rxd1 Rd8 23. f4 Qe7 24. g4 a6 25. Be3 Nc8 26. Rxd8 Qxd8 27. Qd2 Qh4 28. Qe2 Qh1+ 29. Kb2 Qe4 30. Qf2 b5 31. cxb5 axb5 32. Bc5 Kb7 33. Qd2 Qd5 34. Qxd5 1-0

[Event "*** Titled Tuesday 3|2 Blitz (Late)"]
[Site "Chess.com"]
[Date "2016.11.01"]
[Round "1"]
[White "ZEN-22"]
[Black "AlexanderL"]
[Result "0-1"]
[WhiteElo "2202"]
[BlackElo "2550"]
[TimeControl "180+2"]
[EndTime "17:05:48 PDT"]
[Termination "AlexanderL won by checkmate"]

1. e3 e6 2. Ne2 b6 3. d4 Bb7 4. c4 f5 5. Nbc3 Nf6 6. a3 g6 7. f3 Bg7 8. Nf4 O-O 9. Bd3 Nc6 10. O-O e5 11. dxe5 Nxe5 12. Be2 Re8 13. Rb1 Nf7 14. b4 Kh8 15. Rb3 a5 16. Ncd5 Nxd5 17. Nxd5 a4 18. Rd3 Ne5 19. Rd4 c6 20. Nf4 c5 21. bxc5 bxc5 22. Rd6 Bc6 23. Kh1 Qe7 24. Rd2 Qf7 25. Nd5 Rab8 26. Bb2 Rxb2 27. Rxb2 Nxc4 28.
Bxc4 Bxb2 29. Nc7 Qxc4 30. Nxe8 Be5 31. Qd2 Qxf1# 0-1

[Event "*** Titled Tuesday 3|2 Blitz (Late)"]
[Site "Chess.com"]
[Date "2016.11.01"]
[Round "1"]
[White "GMMelik"]
[Black "Noukii"]
[Result "1-0"]
[WhiteElo "2362"]
[BlackElo "2669"]
[TimeControl "180+2"]
[EndTime "17:06:04 PDT"]
[Termination "GMMelik won by resignation"]

1. e4 Nf6 2. Nc3 e5 3. Nf3 Nc6 4. Bb5 Bc5 5. Nxe5 Nxe5 6. d4 Bd6 7. dxe5 Bxe5 8. Ne2 c6 9. Bd3 d5 10. exd5 Nxd5 11. O-O O-O 12. a3 Bg4 13. h3 Be6 14. c4 Nb6 15. Qc2 Qh4 16. f4 Bf6 17. Be3 g6 18. f5 Bxc4 19. Rf4 Bxd3 20. Qxd3 Rad8 21. Qe4 Qh6 22. fxg6 Qg7 23. gxh7+ Kh8 24. Rg4 Qxh7 25. Qxh7+ Kxh7 26. Rf1 Nd5 27. Rf5 1-0

[Event "*** Titled Tuesday 3|2 Blitz (Late)"]
[Site "Chess.com"]
[Date "2016.11.01"]
[Round "1"]
[White "Alliswell998"]
[Black "Maitreia"]
[Result "0-1"]
[WhiteElo "2167"]
[BlackElo "2506"]
[TimeControl "180+2"]
[EndTime "17:06:07 PDT"]
[Termination "Maitreia won by resignation"]

1. e4 c5 2. Nf3 g6 3. d4 cxd4 4. Nxd4 Bg7 5. Nc3 Nc6 6. Be3 Nf6 7. Bc4 O-O 8. f3 Qb6 9. Bb3 Nxe4 10. Nd5 Qa5+ 11. c3 Nc5 12. Bc2 Ne6 13. Nb3 Qd8 14.
O-O d6 15. Qd2 Nc7 16. Rfe1 Nxd5 17. Qxd5 Be6 18. Qd2 Ne5 19. Qc1 a5 20. Nd4 Bd7 21. Bh6 Qb6 22. Kh1 Rfe8 23. Rb1 Rac8 24. Bxg7 Kxg7 25.
Qg5 f6 26. Qg3 Nf7 27. h4 e5 28. Nf5+ Bxf5 29. Bxf5 Rc4 30. h5 Ng5 31. hxg6 hxg6 32. Bh3 Rh8 33. Rg1 Rch4 34. Rbf1 Nxh3 0-1

[Event "*** Titled Tuesday 3|2 Blitz (Late)"]
[Site "Chess.com"]
[Date "2016.11.01"]
[Round "1"]
[White "Rumpel-VK"]
[Black "FairChess_on_YouTube"]
[Result "0-1"]
[WhiteElo "2463"]
[BlackElo "2764"]
[TimeControl "180+2"]
[EndTime "17:06:19 PDT"]
[Termination "FairChess_on_YouTube won by resignation"]

1. d4 g6 2. g3 c5 3. c3 Bg7 4. Bg2 Nf6 5. Nf3 O-O 6. O-O b6 7. Bg5 Bb7 8. Nbd2 d6 9. Re1 Nbd7 10. e4 cxd4 11. cxd4 h6 12. Bxf6 Nxf6 13. e5 dxe5 14. dxe5 Nd5 15. Ne4 Nb4 16. Qb3 Nd3 17. Rad1 Nxe1 18.
Rxd8 Nxf3+ 19. Bxf3 Raxd8 20. e6 f5 21. Nf6+ Bxf6 22. Bxb7 Kg7 23. Bd5 Rd6 24. Qf3 Rfd8 25.
Bb3 Rd2 26. Qb7 Rxb2 27. Qxa7 Rdd2 28. Qxb6 Bd4 29. Qb7 Bxf2+ 30. Kf1 Bc5 31. Ke1 Rxh2 32. Qd5 Rb1+ 33. Bd1 Bb4+ 34. Kf1 Rxd1+ 35. Qxd1 Rh1+ 0-1

[Event "*** Titled Tuesday 3|2 Blitz (Late)"]
[Site "Chess.com"]
[Date "2016.11.01"]
[Round "1"]
[White "enfanterrible"]
[Black "PaulfromSPb"]
[Result "0-1"]
[WhiteElo "1946"]
[BlackElo "2474"]
[TimeControl "180+2"]
[EndTime "17:06:19 PDT"]
[Termination "PaulfromSPb won by resignation"]

1. d4 Nf6 2. c4 e6 3. e3 b6 4. Nf3 Bb7 5. Nc3 Bb4 6. Be2 Ne4 7. Bd2 Bxc3 8. Bxc3 Nxc3 9. bxc3 d6 10. a4 a5 11. Qd3 Nd7 12. e4 O-O 13. O-O Qf6 14.
Nd2 e5 15. Bg4 Rfd8 16. Bxd7 Rxd7 17. d5 Ba6 18. Nb1 Rf8 19. Na3 Qg6 20. Nb5 f5 21. exf5 Qxf5 22. Qxf5 Rxf5 23. g3 Rdf7 24. Rae1 Rf3 25.
Re3 Rxe3 26. fxe3 Re7 27. Rf5 Bc8 28. Rf2 Bg4 29. Kf1 Bd1 30. Ke1 Bxa4 31. Kd2 e4 32. Na3 Bd7 33. Rf4 g5 34. Rf2 Kg7 35. Nc2 Kg6 36.
Nd4 Kh5 37. Rf6 Kg4 38. Rh6 Rf7 39. Ke2 a4 40. Nc2 b5 41. cxb5 Bxb5+ 42. Kd2 Rf2+ 43. Kc1 Bd3 44. Na3 Ra2 45. h3+ Kxg3 46. Rxh7 Rxa3 47. Rxc7 Rb3 48. c4 a3 49. Kd2 Rb2+ 50. Kc3 Rc2+ 51. Kb3 Rxc4 52. Rg7 Ra4 53. Rxg5+ Kh2 54.
Ka2 Bc4+ 55. Ka1 a2 56. h4 Rb4 57. Rg1 Kxg1 0-1

[Event "*** Titled Tuesday 3|2 Blitz (Late)"]
[Site "Chess.com"]
[Date "2016.11.01"]
[Round "1"]
[White "BCNUM8"]
[Black "nihalsarin"]
[Result "0-1"]
[WhiteElo "2151"]
[BlackElo "2505"]
[TimeControl "180+2"]
[EndTime "17:06:31 PDT"]
[Termination "nihalsarin won by checkmate"]

1. d4 Nf6 2. Bg5 d5 3. Bxf6 gxf6 4.
c4 dxc4 5. e3 c5 6. Bxc4 cxd4 7.
exd4 Bg7 8. Ne2 Nc6 9. Nbc3 f5 10. O-O Nxd4 11. Nxd4 Qxd4 12. Qb3 O-O 13. Rad1 Qb6 14. Nd5 Qc5 15. Rfe1 e6 16. Nf4 Kh8 17. Nh5 Bd4 18. Re2 b6 19. Red2 Be5 20. Qf3 Rb8 21. Rd3 Bb7 22. Qh3 Qxc4 23. Rd7 Qg4 24. Qe3 Qxg2# 0-1

[Event "*** Titled Tuesday 3|2 Blitz (Late)"]
[Site "Chess.com"]
[Date "2016.11.01"]
[Round "1"]
[White "Aygehovit1992"]
[Black "Evgeny_Levin"]
[Result "0-1"]
[WhiteElo "2428"]
[BlackElo "2706"]
[TimeControl "180+2"]
[EndTime "17:06:32 PDT"]
[Termination "Evgeny_Levin won by resignation"]

1. e4 c5 2. Nf3 d6 3. d4 cxd4 4. Nxd4 Nf6 5. Nc3 a6 6. h3 e6 7.
g4 Be7 8. g5 Nfd7 9. h4 Nc6 10. Be3 O-O 11. Nxc6 bxc6 12. Qd2 d5 13. h5 Rb8 14. O-O-O Qa5 15. Qe1 Qb4 16. b3 Rd8 17.
Kb1 Nc5 18. exd5 exd5 19. g6 Bf6 20. gxf7+ Kxf7 21. Nxd5 Rxd5 22. Bg2 Rxd1+ 23. Qxd1 Qc3 24. Kc1 Bf5 25. Bxc5 Qb2+ 26. Kd2 Rd8+ 0-1

[Event "*** Titled Tuesday 3|2 Blitz (Late)"]
[Site "Chess.com"]
[Date "2016.11.01"]
[Round "1"]
[White "Gau_truc_lon"]
[Black "Dlugy"]
[Result "0-1"]
[WhiteElo "2247"]
[BlackElo "2591"]
[TimeControl "180+2"]
[EndTime "17:06:38 PDT"]
[Termination "Dlugy won by resignation"]

1. e4 d5 2. exd5 Qxd5 3. Nc3 Qd6 4. d4 c6 5. Nf3 Bg4 6. h3 Bxf3 7. Qxf3 Qxd4 8. Be3 Qd8 9. Bc4 Nf6 10. O-O Nbd7 11. Bf4 e6 12. Rfe1 Be7 13. Rad1 O-O 14. g4 Nd5 15. Ne4 Qb6 16. Bg5 Ne5 17. Qe2 Nxc4 18. Bxe7 Nxe7 19. Qxc4 Nd5 20. b3 Rad8 21. Ng3 Qb4 22.
Qf1 Nc3 23. Ra1 Rd2 24. Rec1 Rfd8 25. Qe1 Qd4 26. Qe3 Qxe3 27. fxe3 g6 28. a4 a5 29. Rf1 Rxc2 30. Rac1 Ne2+ 31. Nxe2 Rxe2 32. Rfe1 Rxe1+ 33. Rxe1 Rd3 34. Rb1 Rxe3 35. b4 axb4 36. Rxb4 Rxh3 37. Rxb7 Rg3+ 38. Kf2 Rxg4 39. a5 Ra4 40.
Ra7 h5 41. a6 Kg7 42. Ra8 h4 43. a7 Ra2+ 44. Kf3 h3 0-1

[Event "*** Titled Tuesday 3|2 Blitz (Late)"]
[Site "Chess.com"]
[Date "2016.11.01"]
[Round "1"]
[White "jcibarra"]
[Black "BGoldChess"]
[Result "1-0"]
[WhiteElo "2684"]
[BlackElo "2312"]
[TimeControl "180+2"]
[EndTime "17:06:47 PDT"]
[Termination "jcibarra won by resignation"]

1. e4 d5 2. exd5 Nf6 3. Be2 Qxd5 4. Nf3 Bg4 5. d4 Nc6 6. c4 Qf5 7. Be3 e5 8. d5 Nb4 9. O-O Bxf3 10. Bxf3 Nc2 11. Nc3 Nxa1 12. Qa4+ Qd7 13. Nb5 Bd6 14. c5 a6 15. c6 bxc6 16. dxc6 Qe7 17. Rxa1 O-O 18.
Nc3 Bc5 19. Bg5 Qe6 20. Re1 Bd4 21. h3 h6 22. Bh4 Bxc3 23. bxc3 Nd5 24. Qa5 Nb6 25.
Qxe5 Qxe5 26. Rxe5 Rfe8 27. Bg3 Rxe5 28. Bxe5 Re8 29.
Bxc7 Nc4 30. Bf4 g5 31. Bg3 f5 32. Bd5+ Kh7 33. Bxc4 f4 34. Bxf4 gxf4 35. Bxa6 Re7 36. Bb7 Rc7 37. a4 Kg6 38. a5 Kf7 39. a6 1-0

[Event "*** Titled Tuesday 3|2 Blitz (Late)"]
[Site "Chess.com"]
[Date "2016.11.01"]
[Round "1"]
[White "superjem123"]
[Black "SwiftyMcBishop"]
[Result "1-0"]
[WhiteElo "2489"]
[BlackElo "2079"]
[TimeControl "180+2"]
[EndTime "17:07:00 PDT"]
[Termination "superjem123 won by resignation"]

1. c4 e6 2. Nc3 d5 3. d4 Nf6 4.
cxd5 exd5 5. Bg5 c6 6. e3 Be7 7. Bd3 Bg4 8. Qc2 h6 9. Bh4 Nbd7 10. Nf3 Qb6 11. O-O O-O 12. Ne5 Qd8 13. h3 Be6 14. f4 Nxe5 15. dxe5 Ne8 16. Bg3 d4 17.
exd4 Qxd4+ 18. Kh1 Bc4 19. Rad1 Bxd3 20. Rxd3 Qc4 21.
f5 Rd8 22. Rdf3 Bb4 23. Rf4 Rd4 24. Rxd4 Qxf1+ 25. Kh2 Bc5 26. Rd1 Qc4 27. b3 Qa6 28. Ne4 Bb6 29. Nd6 Nxd6 30. exd6 Rd8 31. f6 g6 32. d7 Qb5 33. Qe4 Qf5 34. Qe8+ Rxe8 35.
dxe8=Q+ Kh7 36. Qxf7+ 1-0

[Event "*** Titled Tuesday 3|2 Blitz (Late)"]
[Site "Chess.com"]
[Date "2016.11.01"]
[Round "1"]
[White "GM_Barcenilla"]
[Black "GianmarcoVaR"]
[Result "1-0"]
[WhiteElo "2701"]
[BlackElo "2412"]
[TimeControl "180+2"]
[EndTime "17:07:19 PDT"]
[Termination "GM_Barcenilla won by resignation"]

1. c4 e5 2. g3 f5 3. Bg2 Nf6 4. Nc3 Bb4 5. Qc2 Nc6 6. Qxf5 d5 7. Qb1 dxc4 8. Nf3 O-O 9. O-O Bg4 10. a3 Bc5 11. Qa2 Na5 12. Nxe5 Be6 13. d3 Nb3 14. Nxc4 Nxa1 15. Qxa1 c6 16. b4 Bd4 17. e3 Bxc4 18.
dxc4 Be5 19. f4 Bc7 20. e4 Qd4+ 21. Kh1 Qxc4 22. e5 Ng4 23. Qa2 Qxa2 24. Nxa2 Rad8 25. Bf3 Nh6 26. Be2 Nf5 27. Nc3 Nd4 28. Bc4+ Kh8 29. Ne4 h6 30. Kg2 a5 31. bxa5 Bxa5 32. Nd6 Rd7 33. Rd1 Nf5 34. Be6 Rdd8 35. Bxf5 Rxf5 36. e6 Rf6 37. Nf7+ Rxf7 38. exf7 g6 39. Rxd8+ 1-0

[Event "*** Titled Tuesday 3|2 Blitz (Late)"]
[Site "Chess.com"]
[Date "2016.11.01"]
[Round "1"]
[White "BillieKimbah"]
[Black "KyronGriffith"]
[Result "1-0"]
[WhiteElo "2634"]
[BlackElo "2302"]
[TimeControl "180+2"]
[EndTime "17:07:36 PDT"]
[Termination "BillieKimbah won by resignation"]

1. d4 d5 2. Nf3 Nf6 3. Bf4 c5 4. e3 Nc6 5. Nbd2 e6 6. c3 Be7 7. Bd3 O-O 8. h3 b6 9. O-O Bb7 10. Qe2 Rc8 11. Rad1 Re8 12. Rfe1 cxd4 13. exd4 Bd6 14.
Bg5 Be7 15. Ne5 Nxe5 16. dxe5 Nd7 17. Bxe7 Qxe7 18. Nf3 Nf8 19. Nd4 Ng6 20. g3 Qg5 21.
Kh2 Nf8 22. f4 Qd8 23. f5 exf5 24. Bxf5 Rc7 25. Qg4 Rce7 26. Nf3 Qc7 27. Re3 Qc4 28. a3 Qb3 29. Rd2 Ne6 30. Qh4 Qc4 31. Qxh7+ 1-0

[Event "*** Titled Tuesday 3|2 Blitz (Late)"]
[Site "Chess.com"]
[Date "2016.11.01"]
[Round "1"]
[White "micfel"]
[Black "uzbektiger95"]
[Result "1/2-1/2"]
[WhiteElo "2274"]
[BlackElo "2593"]
[TimeControl "180+2"]
[EndTime "17:07:46 PDT"]
[Termination "Game drawn by repetition"]

1. e4 c5 2. Nf3 Nc6 3. d4 cxd4 4.
Nxd4 g6 5. Nb3 Bg7 6. Nc3 Nf6 7.
Be3 O-O 8. Be2 d6 9. Qd2 a6 10. Bh6 b5 11. Bxg7 Kxg7 12. f3 Be6 13. Nd4 Nxd4 14.
Qxd4 Qa5 15. O-O Rfc8 16. a3 Qc7 17. Rad1 Qc5 18. Kh1 Qxd4 19. Rxd4 Nd7 20. Rfd1 Ne5 21. Kg1 Rc5 22. Kf2 Rac8 23. f4 Nc6 24. R4d2 f6 25.
g3 Rb8 26. Nd5 Bxd5 27. exd5 Nd8 28. c3 f5 29. Bf3 Kf6 30. Ke3 h6 31. h4 a5 32. Rd4 Nf7 33. R1d2 g5 34. hxg5+ hxg5 35. Rh2 b4 36. axb4 axb4 37. cxb4 Rcb5 38. Rh7 Rxb4 39. Bh5 Rb3+ 40. Rd3 gxf4+ 41. gxf4 Rxd3+ 42. Kxd3 Nd8 43. Rh8 e5 44. dxe6 Kxe6 45. b4 Rxb4 46. Rxd8 Rxf4 47. Re8+ Kf6 48. Rg8 d5 49. Rg6+ Ke5 50. Rg8 Rd4+ 51.
Ke3 f4+ 52. Kf2 Rd2+ 53. Be2 Rb2 54. Re8+ Kf5 55. Rf8+ Ke5 56. Re8+ Kf5 57. Rf8+ Ke5 58. Re8+ 1/2-1/2

[Event "*** Titled Tuesday 3|2 Blitz (Late)"]
[Site "Chess.com"]
[Date "2016.11.01"]
[Round "1"]
[White "jk13"]
[Black "michaelk123"]
[Result "1-0"]
[WhiteElo "2503"]
[BlackElo "2147"]
[TimeControl "180+2"]
[EndTime "17:07:52 PDT"]
[Termination "jk13 won by resignation"]

1. e4 e6 2. d4 d5 3. Nd2 c5 4. exd5 Qxd5 5. Ngf3 cxd4 6. Bc4 Qd7 7.
O-O Nc6 8. Nb3 Nf6 9. Qe2 a6 10. Rd1 b5 11. Bd3 Be7 12. Nbxd4 Nxd4 13. Nxd4 O-O 14.
Bf4 Bb7 15. c3 g6 16. Nf3 Qc6 17. Qf1 Rad8 18. h3 Qc8 19. Ne5 Nd7 20. Qe2 Nxe5 21. Bxe5 Qc6 22. f3 Qb6+ 23. Kh1 Rd7 24. a4 b4 25. a5 Qc5 26. Bd4 Qc8 27. Qe5 Rxd4 28. cxd4 Rd8 29. Rac1 Qd7 30. Rc7 Qa4 31. Rdc1 Bd6 32.
Qf6 Bxc7 33. Rxc7 Qd1+ 34. Kh2 Rf8 35. Rxb7 Qxd3 36. Rxb4 Qd2 37. Rb7 h6 38. b4 Qg5 39.
Qxg5 hxg5 40. Rb6 Rd8 41. Rxa6 Rxd4 42. Rb6 Rd2 43. a6 Ra2 44. b5 Kf8 45. Rb7 Ke8 46.
a7 Kd8 47. Rb8+ Kc7 48. a8=Q 1-0

[Event "*** Titled Tuesday 3|2 Blitz (Late)"]
[Site "Chess.com"]
[Date "2016.11.01"]
[Round "1"]
[White "Quiet_Desperation"]
[Black "dretch"]
[Result "0-1"]
[WhiteElo "2308"]
[BlackElo "2636"]
[TimeControl "180+2"]
[EndTime "17:07:54 PDT"]
[Termination "dretch won by resignation"]

1. e4 e6 2. d4 d5 3. exd5 exd5 4. f4 Nf6 5. Nf3 Bd6 6. Be2 O-O 7. O-O c5 8. Nc3 Nc6 9. Nb5 Be7 10. c3 a6 11. Na3 cxd4 12. Nxd4 Nxd4 13. Qxd4 Ne4 14. Be3 Bc5 15. Qd3 Qb6 16. Bd4 Qxb2 17. Nc2 Bxd4+ 18. cxd4 Re8 19. f5 Bd7 20. Rab1 Qc3 21. Rxb7 Qc8 22. Rb3 Bb5 23. Qd1 Nc3 24. Rxc3 Qxc3 25. Bxb5 axb5 26.
f6 g6 27. Qc1 Kh8 28. Qh6 Rg8 29. Rf3 Qxf3 30. gxf3 Rxa2 31. Ne3 b4 32. Nxd5 b3 33.
Nc3 b2 34. d5 Ra3 35. Nb1 Ra1 36. d6 Rxb1+ 37. Kf2 Rd1 0-1

[Event "*** Titled Tuesday 3|2 Blitz (Late)"]
[Site "Chess.com"]
[Date "2016.11.01"]
[Round "1"]
[White "Jahonas"]
[Black "Peroncio"]
[Result "0-1"]
[WhiteElo "2175"]
[BlackElo "2512"]
[TimeControl "180+2"]
[EndTime "17:08:17 PDT"]
[Termination "Peroncio won by resignation"]

1. d4 Nf6 2. c4 e6 3. Nf3 d5 4.
cxd5 exd5 5. Nc3 c6 6. Bg5 Be7 7. e3 O-O 8. Bd3 Nbd7 9. O-O Re8 10. Qc2 h6 11. Bxf6 Nxf6 12. Rab1 b5 13. a4 b4 14. Ne2 Bd7 15. Ne5 Rc8 16. Rfc1 Bd6 17. Nxd7 Nxd7 18. Bf5 Rc7 19. Bxd7 Qxd7 20. Ng3 g6 21.
Qd3 c5 22. dxc5 Bxc5 23. Rd1 Rd8 24. Rbc1 Qxa4 25. Ne4 Bb6 26. Rxc7 Bxc7 27. Nf6+ Kg7 28. b3 Qc6 29. Nxd5 Be5 30. e4 a5 31. g3 Bc3 32.
Qc2 Rc8 33. Rc1 Qc5 34. Qd3 Rc6 35. h4 h5 36. Rc2 Rc8 37. Qf3 Qd4 38. Kg2 Rc5 39.
Ne3 a4 40. bxa4 b3 41. Rc1 b2 42. Rb1 Qd3 43. Qd1 Qxe4+ 44. Kh2 Bd4 0-1

[Event "*** Titled Tuesday 3|2 Blitz (Late)"]
[Site "Chess.com"]
[Date "2016.11.01"]
[Round "1"]
[White "KNVB"]
[Black "cheese111"]
[Result "1-0"]
[WhiteElo "2592"]
[BlackElo "2253"]
[TimeControl "180+2"]
[EndTime "17:08:19 PDT"]
[Termination "KNVB won on time"]

1. d4 Nf6 2. c4 g6 3. Nc3 d5 4. cxd5 Nxd5 5. Bd2 Nb6 6. Nf3 Bg7 7. Qc1 Nc6 8. Bh6 Bf6 9. e3 Bg4 10. Be2 Qd7 11. Ne4 O-O-O 12. Nxf6 exf6 13. Bg7 Rhg8 14. Bxf6 Rde8 15. O-O g5 16. Re1 Qf5 17. Be5 Bxf3 18. Bxf3 Nxe5 19. dxe5 g4 20. Be2 Qxe5 21. a4 a6 22. b4 h5 23. a5 Nd5 24. b5 Re6 25. bxa6 bxa6 26. Qc5 Nc3 27. Bxa6+ Kd8 28. Qxe5 Rxe5 29. Bc4 Ke7 30. Rec1 Ne4 31. a6 Ra8 32.
Be2 Kd7 33. f3 Nf6 34. Kf2 Re6 35. Ra4 1-0